 Dungeon Crawl Stone Soup version 0.18.1-48-g4cf74bf (webtiles) character file.

18 zultag the Grave Robber (level 2, -1/19 HPs)
             Began as a Mummy Necromancer on Sept 7, 2016.
             Slain by a rat (2 damage)
             ... on level 2 of the Dungeon.
             The game lasted 00:11:48 (871 turns).

zultag the Grave Robber (Mummy Necromancer)          Turns: 871, Time: 00:11:49

Health: -1/19      AC:  2    Str: 11    XL:     2   Next: 51%
Magic:  3/5        EV: 12    Int: 14    God:
Gold:   55         SH:  0    Dex: 12    Spells: 2 memorised, 3 levels left

rFire  x . .     SeeInvis +     r - +0 mace
rCold  + . .     Gourm    .     a - +0 robe
rNeg   + + +     Faith    .     (no shield)
rPois  ∞         Spirit   .     (no helmet)
rElec  .         Dismiss  .     (no cloak)
rCorr  .         Reflect  .     (no gloves)
SustAt .         Harm     .     (no boots)
MR     .....                    (no amulet)
Stlth  ++........               (no ring)
                                h - ring of see invisible

@: not resistant to hostile enchantments, unstealthy
A: no food or potions, fire vulnerability, cold resistance 1, negative energy
resistance 3, torment resistance, unbreathing
a: no special abilities


You were on level 2 of the Dungeon.
You were not hungry.

You visited 1 branch of the dungeon, and saw 2 of its levels.

You collected 55 gold pieces.

Inventory:

Hand Weapons
 d - a +0 club
 f - a +0 short sword
 j - a +0 spear
 p - a +0 whip
 r - a +0 mace (weapon)
Missiles
 n - 16 arrows
 o - 47 stones (quivered)
 q - 29 bolts
Armour
 a - a +0 robe (worn)
Jewellery
 h - a ring of see invisible (left hand)
Scrolls
 c - a scroll of noise
Potions
 e - 2 potions of mutation {unknown}
Books
 b - a book of Necromancy

   Spells                             Type                      Level
   a - Pain                           Necromancy                   1
   b - Animate Skeleton               Necromancy                   1
   c - Vampiric Draining              Necromancy                   3
   d - Regeneration                   Charms/Necromancy            3
   e - Animate Dead                   Necromancy                   4
   f - Control Undead                 Necromancy                   4
Comestibles
 m - a meat ration


   Skills:
 + Level 0.1 Maces & Flails
 + Level 1.7 Dodging
 + Level 1.7 Stealth
 + Level 2.1 Spellcasting
 + Level 4.4 Necromancy


You had 3 spell levels left.
You knew the following spells:

 Your Spells              Type           Power        Failure   Level  Hunger
a - Pain                  Necr           ##..         4%          1    N/A
b - Animate Skeleton      Necr           N/A          4%          1    N/A

Dungeon Overview and Level Annotations

Branches:
Dungeon (2/15)

Altars:


Innate Abilities, Weirdness & Mutations

You do not eat or drink.
Your flesh is vulnerable to fire.
You are immune to poison.
Your flesh is cold resistant.
You are immune to negative energy.
You are immune to unholy pain and torment.
You can survive without breathing.


Message History

As you open the door, it creaks loudly!
A bat comes into view.
You hear a shout!
The jackal closely misses you. The jackal bites you.
* * * LOW HITPOINT WARNING * * *
You spend a moment contemplating the meaning of unlife.
Unknown command.
The bat barely misses you.
There is an open door here.
You miss the bat. The bat hits you but does no damage.
The bat closely misses you.
The jackal misses you. x2; The jackal bites you.
* * * LOW HITPOINT WARNING * * *
The jackal bites you but does no damage.
The bat closely misses you.
The jackal pauses to sniff the ground.
The bat barely misses you.
Found a stone staircase leading down.
You closely miss the bat. The bat hits you but does no damage.
The rat misses you. The rat bites you.
You die...

###### .##
#....####.....
#...hr@..b....
#...h###.####.
#####....# >.
#........# ###.
#........# .#....
#.......## .#. .
#.......# ....
#.......# .#.#
######†######.#.##


You could see 2 jackals, a bat and a rat.

Vanquished Creatures
  A bat (D:2)
  2 giant cockroaches (D:1)
  2 goblins (D:1)
  2 hobgoblins (D:1)
  A jackal (D:2)
  2 ball pythons (D:1)
  A giant newt (D:1)
  A kobold (D:1)
  3 rats (D:1)
15 creatures vanquished.

Vanquished Creatures (collateral kills)
  A hobgoblin (D:1)
  A kobold (D:1)
2 creatures vanquished.

Grand Total: 17 creatures vanquished

Notes
Turn   | Place    | Note
--------------------------------------------------------------
     0 | D:1      | zultag the Mummy Necromancer began the quest for the Orb.
     0 | D:1      | Reached XP level 1. HP: 13/13 MP: 3/3
   129 | D:1      | Learned a level 1 spell: Animate Skeleton
   390 | D:1      | Reached XP level 2. HP: 18/19 MP: 1/5
   871 | D:2      | Slain by a rat

Action                   || total
-------------------------++-------
Melee: Club              ||    11
       Spear             ||    12
       Mace              ||     6
Throw: Stone             ||     4
 Cast: Pain              ||    27
       Animate Skeleton  ||     6
  Use: Scroll            ||     5
Armor: Robe              ||    11
Dodge: Dodged            ||    45
